Map: Incorporeal LE

Players

herO - Winner!

  • Race: Protoss Protoss
  • Spawn Location: 5:00

Rogue

  • Race: Zerg Zerg
  • Spawn Location: 11:00

Event: DreamHack Dallas 2025

VOD

Have the link to the VOD?

Description

Time

  • Played on: May 24, 2025, 4:34 p.m.
  • Length: 13:55

All games in this series

Show
View Real Time Build Order
Export as new Build Order

herO Protoss - Winner!

Build Orders: 1 Gate Expand, Oracle Opening 

Get SALT Encoding   

  12  0:00  Probe  
  13  0:12  Probe  
  14  0:17  Pylon  
  14  0:23  Probe  
  14  0:27  Assimilator  
  15  0:31  Probe  
  16  0:39  Probe  
  16  0:46  Gateway  
  17  0:50  Probe  
  18  1:03  Probe  
  19  1:15  Probe  
  20  1:24  Nexus  
  20  1:33  Cybernetics Core  
  20  1:36  Probe  
  21  1:41  Assimilator  
  21  1:48  Probe  
  21  1:51  Pylon  
  22  2:00  Probe  
  23  2:06  Stalker  
  23  2:08  Probe  
  23  2:09  Warp Gate  
  26  2:16  Probe  
  26  2:17  Stargate  
  27  2:27  Probe  
  28  2:32  Probe  
  28  2:36  Adept  
  31  2:39  Probe  
  31  2:40  Probe  
  33  2:50  Oracle, Probe  
  33  2:51  Probe  
  35  3:00  Gateway  
  35  3:03  Probe  
  35  3:04  Probe  
  40  3:07  Adept  
  42  3:13  Pylon  
  42  3:15  Probe  
  42  3:16  Probe  
  44  3:21  Oracle  
  44  3:29  Probe  
  44  3:30  Probe  
  49  3:42  Nexus  
  49  3:46  Pylon  
  49  3:48  Probe  
  51  3:57  Adept  
  51  3:58  Adept  
  51  4:01  Pylon  
  54  4:04  Probe x2  
  54  4:06  Oracle  
  59  4:16  Probe x2  
  61  4:17  Assimilator  
  61  4:19  Assimilator  
  59  4:33  Adept x2  
  59  4:34  Probe x2  
  59  4:41  Twilight Council  
  59  4:42  Forge  
  59  4:46  Probe x2  
  61  4:53  Gateway, Probe  
  61  4:54  Gateway  
  61  4:55  Probe x2  
  64  5:01  Probe  
  64  5:03  Probe x2  
  64  5:06  Oracle  
  65  5:09  Probe  
  65  5:12  Probe  
  65  5:13  Probe, Stalker x2  
  73  5:23  Protoss Ground Weapons Level 1  
  73  5:24  Probe x2  
  73  5:25  Probe, Blink  
  76  5:30  Shield Battery  
  76  5:31  Pylon  
  76  5:36  Stalker  
  76  5:38  Stalker  
  76  5:39  Probe x2  
  76  5:41  Probe  
  81  5:50  Assimilator  
  81  5:54  Probe x3  
  81  5:55  Assimilator  
  84  6:00  Gateway  
  84  6:02  Gateway, Templar Archives  
  84  6:06  Probe x3  
  84  6:09  Stalker  
  84  6:10  Stalker x2  
  93  6:14  Pylon  
  93  6:16  Pylon  
  93  6:21  Psionic Storm  
  93  6:25  Pylon  
  93  6:26  Pylon  
  93  6:28  Shield Battery  
  90  6:37  Gateway  
  90  6:38  Photon Cannon  
  90  6:42  High Templar  
  90  6:44  Gateway, High Templar, Zealot x2  
  98  6:51  Pylon  
  98  6:53  Pylon  
  98  6:57  High Templar  
  100  7:08  Stalker x3  
  106  7:09  Protoss Ground Weapons Level 2  
  106  7:15  Stalker  
  108  7:16  Probe  
  108  7:17  Probe x2  
  108  7:18  Stalker  
  113  7:29  Charge  
  113  7:31  Nexus  
  113  7:33  Pylon  
  113  7:35  Pylon  
  113  7:37  High Templar, Zealot x4  
  115  7:42  Pylon, Probe x3  
  126  7:50  Stalker x3  
  131  7:52  Shield Battery  
  131  7:53  Shield Battery  
  131  7:59  Shield Battery, Stalker x4  
  131  8:01  Pylon  
  131  8:13  Stalker x4  
  133  8:29  Stalker x3  
  133  8:30  Archon  
  133  8:32  Probe  
  133  8:33  Probe x2, Stalker  
  132  8:40  Nexus  
  130  8:47  Pylon  
  130  8:49  High Templar x2, Zealot x2  
  130  8:53  Zealot x3  
  144  8:56  Pylon  
  144  8:57  Fleet Beacon  
  144  9:02  Stargate  
  144  9:06  Assimilator  
  144  9:10  Assimilator  
  144  9:13  Robotics Facility  
  144  9:14  Probe  
  144  9:15  Probe x2  
  147  9:20  Photon Cannon  
  147  9:21  Protoss Ground Weapons Level 3, Shield Battery  
  147  9:28  High Templar  
  147  9:29  High Templar, Zealot x3  
  147  9:30  Photon Cannon  
  157  9:37  Photon Cannon  
  157  9:49  Zealot x4  
  163  9:56  Tempest  
  153  10:03  Zealot x4  
  159  10:13  Immortal  
  155  10:23  Pylon  
  155  10:27  Mothership  
  127  10:30  Pylon, Zealot x8  
  127  10:35  Archon  
  143  10:41  Tempest  
  151  10:49  Archon  
  149  10:51  Oracle  
  151  10:59  Nexus  
  151  11:02  Pylon  
  151  11:03  Photon Cannon  
  151  11:04  Observer  
  150  11:09  Photon Cannon  
  150  11:10  Shield Battery, Photon Cannon  
  150  11:11  Probe  
  152  11:12  Probe x2  
  154  11:20  Protoss Air Weapons Level 1  
  154  11:22  Observer  
  154  11:23  Stargate  
  155  11:26  Tempest  
  155  11:27  Assimilator  
  155  11:32  Assimilator  
  159  11:33  High Templar x4  
  159  11:36  Zealot x3  
  159  11:39  High Templar  
  175  11:42  Pylon  
  169  11:53  Tempest  
  155  11:57  Nexus, Tempest  
  155  11:58  Tempest  
  155  12:00  Pylon  
  155  12:10  Observer x2  
  155  12:11  Immortal  
  155  12:14  Zealot x4  
  172  12:26  Tempest  
  172  12:32  Tempest, Zealot x4  
  184  12:43  Photon Cannon  
  188  12:45  Photon Cannon  
  188  12:49  High Templar x3  
  194  12:52  Photon Cannon  
  194  12:54  Archon  
  194  12:55  Photon Cannon  
  194  12:57  Photon Cannon  
  194  13:00  Photon Cannon  
  194  13:06  Zealot x3  
  194  13:12  Oracle  
  176  13:13  Oracle  
  169  13:25  Observer  
  179  13:27  Zealot  
  179  13:28  Zealot x7  
Show
View Real Time Build Order
Export as new Build Order

Rogue Zerg 

Build Orders: Hatch First, Lurkers, Roach Hydra 

Get SALT Encoding   

  12  0:00  Drone  
  13  0:07  Drone  
  14  0:14  Drone, Extractor  
  14  0:21  Overlord  
  15  0:41  Hatchery  
  14  0:45  Drone  
  14  0:48  Drone  
  16  0:52  Drone  
  16  0:56  Drone  
  18  1:06  Extractor  
  18  1:11  Spawning Pool  
  16  1:14  Drone  
  16  1:18  Drone  
  18  1:28  Drone  
  19  1:39  Drone  
  20  1:49  Overlord  
  20  1:53  Drone  
  21  1:59  Queen x2  
  21  2:01  Drone  
  26  2:04  Drone  
  27  2:10  Metabolic Boost  
  27  2:12  Drone  
  27  2:14  Drone  
  29  2:23  Drone  
  29  2:25  Drone  
  31  2:32  Hatchery  
  30  2:38  Queen  
  30  2:42  Zergling x2  
  33  2:45  Overlord  
  33  2:47  Zergling x2  
  33  2:50  Drone  
  35  2:54  Drone  
  36  2:58  Overlord  
  36  3:08  Drone x3  
  36  3:09  Drone x3  
  36  3:12  Queen  
  42  3:19  Queen  
  46  3:23  Spore Crawler  
  46  3:25  Drone  
  46  3:26  Drone  
  47  3:29  Drone x2  
  47  3:31  Drone  
  50  3:38  Drone x2  
  52  3:42  Overlord  
  52  3:47  Zergling x2  
  52  3:48  Zergling x10  
  57  3:51  Spore Crawler  
  57  3:55  Overlord  
  56  4:02  Zergling x4  
  58  4:04  Roach Warren  
  58  4:05  Zergling x6  
  58  4:08  Extractor  
  59  4:12  Drone  
  59  4:15  Overlord  
  59  4:17  Drone  
  62  4:22  Zergling x2  
  62  4:29  Drone  
  62  4:30  Drone x7  
  66  4:32  Drone  
  66  4:35  Lair, Spore Crawler  
  65  4:40  Drone x3  
  65  4:41  Drone  
  65  4:42  Drone  
  71  4:45  Drone  
  71  4:53  Drone x2  
  71  4:54  Queen  
  71  4:57  Extractor x2  
  73  5:00  Drone  
  73  5:02  Drone  
  73  5:03  Drone x2  
  73  5:05  Drone x2  
  79  5:07  Drone x2  
  79  5:09  Drone  
  79  5:10  Extractor  
  79  5:11  Drone, Extractor  
  79  5:15  Overlord x3  
  79  5:19  Overlord  
  75  5:22  Extractor  
  75  5:23  Drone  
  75  5:26  Overlord  
  72  5:30  Drone  
  72  5:31  Drone x4  
  72  5:32  Drone  
  72  5:35  Glial Reconstitution  
  77  5:37  Drone x2  
  77  5:38  Drone, Evolution Chamber  
  78  5:51  Overlord  
  78  5:56  Roach x5  
  88  6:03  Hatchery, Roach, Hydralisk Den  
  88  6:04  Roach x2  
  92  6:09  Overseer  
  92  6:19  Zerg Missile Weapons Level 1  
  92  6:20  Overlord  
  92  6:24  Zergling x2  
  92  6:25  Zergling x18  
  101  6:32  Grooved Spines  
  101  6:37  Overlord x2  
  101  6:38  Overlord  
  101  6:50  Hatchery  
  100  6:54  Overlord  
  100  6:55  Hydralisk x3  
  100  6:56  Hydralisk x7  
  100  6:59  Hydralisk  
  122  7:04  Hydralisk  
  124  7:09  Hydralisk  
  124  7:11  Hydralisk  
  124  7:15  Hydralisk  
  127  7:18  Overlord  
  127  7:22  Roach  
  137  7:23  Roach x3  
  137  7:24  Overlord  
  137  7:27  Roach x2  
  141  7:32  Roach x2  
  141  7:33  Overlord  
  145  7:37  Zergling x8  
  145  7:39  Muscular Augments  
  145  7:43  Roach  
  145  7:44  Roach  
  152  7:47  Roach x2  
  152  7:50  Roach x3  
  162  7:51  Roach  
  162  7:56  Overlord, Roach x2  
  162  7:57  Roach  
  170  8:01  Roach x2  
  169  8:06  Roach  
  169  8:07  Roach x2  
  169  8:09  Roach  
  169  8:12  Roach  
  154  8:15  Roach x2  
  154  8:19  Roach  
  157  8:21  Roach  
  157  8:22  Roach x2  
  157  8:24  Roach  
  157  8:26  Roach  
  163  8:30  Roach x3  
  163  8:33  Roach  
  135  8:34  Roach  
  135  8:38  Drone x5  
  128  8:42  Drone  
  128  8:43  Drone x2  
  128  8:44  Roach x2  
  128  8:47  Hydralisk x2  
  128  8:48  Hydralisk  
  137  8:50  Hydralisk  
  137  8:55  Drone x4  
  141  8:57  Extractor  
  141  9:00  Infestation Pit  
  137  9:10  Drone, Lurker Den  
  137  9:11  Drone x6  
  137  9:12  Extractor  
  142  9:18  Hydralisk x3  
  148  9:25  Zerg Missile Weapons Level 2  
  148  9:27  Zergling x10  
  148  9:29  Zergling x4  
  148  9:30  Zergling x2  
  154  9:34  Hydralisk  
  154  9:37  Hydralisk x2  
  152  9:42  Hydralisk  
  152  9:43  Hydralisk  
  154  9:49  Hydralisk x2  
  154  9:50  Hydralisk  
  157  9:54  Zergling x4  
  157  9:55  Zergling x2  
  157  9:56  Zergling x2  
  157  9:59  Hydralisk  
  153  10:02  Drone  
  153  10:10  Hive  
  153  10:16  Zergling x8  
  153  10:17  Zergling x2  
  153  10:20  Zergling x4  
  149  10:23  Zergling x10  
  149  10:25  Zergling x2  
  149  10:26  Zergling x4  
  149  10:27  Zergling x2  
  137  10:31  Lurker x3  
  140  10:36  Lurker x3  
  140  10:39  Hydralisk x2  
  140  10:41  Hydralisk  
  149  10:45  Drone x4  
  149  10:48  Hydralisk  
  149  10:49  Hydralisk  
  143  10:51  Hydralisk  
  143  10:57  Hydralisk x2  
  134  10:58  Hydralisk  
  134  11:03  Lurker x2  
  142  11:08  Hydralisk x2  
  142  11:10  Zergling x10  
  151  11:16  Drone x2  
  152  11:19  Spore Crawler  
  152  11:21  Spore Crawler  
  152  11:22  Seismic Spines, Lurker  
  152  11:25  Zergling x12  
  157  11:26  Zergling x2  
  157  11:32  Hydralisk x3  
  160  11:36  Adrenal Glands  
  160  11:37  Overseer  
  164  11:41  Drone x2  
  159  11:49  Hydralisk x5  
  159  11:53  Zergling x2  
  159  11:54  Zergling x6  
  170  12:00  Spire  
  170  12:01  Hydralisk  
  168  12:10  Hydralisk x2  
  168  12:15  Drone  
  173  12:20  Nydus Network  
  170  12:22  Spore Crawler  
  170  12:23  Hatchery  
  170  12:24  Hydralisk x4  
  176  12:30  Adaptive Talons  
  173  12:37  Lurker x2  
  173  12:38  Overlord  
  173  12:41  Overseer  
  173  12:42  Overseer x2  
  173  12:43  Overlord  
  175  12:44  Zergling x2  
  175  12:47  Overseer  
  176  12:57  Overlord  
  176  13:01  Hatchery  
  176  13:02  Nydus Canal  
  175  13:07  Hydralisk x3  
  175  13:08  Hydralisk x5  
  175  13:10  Overseer  
  175  13:11  Hydralisk x2  
  177  13:14  Lurker  
  177  13:15  Zergling x12  
  155  13:23  Hydralisk x2  
  152  13:31  Zergling x4  
Tags
 
Add a new tag
Caveats
  • Supply blocks, unpowered buildings, or Contaminate may cause inaccurate times.
  • Supply counts are checked every 10 seconds.